 Dungeon Crawl Stone Soup version 0.29.0-4-gdea44cf6ec (webtiles) character file.

Game seed: 3626489166542913722

2 qw the Sneak (level 1, 0/14 HPs)
             Began as a Gargoyle Delver on Sept 10, 2022.
             Slain by a scorpion (5 damage)
             ... on level 5 of the Dungeon.
             The game lasted 00:00:02 (165 turns).

qw the Sneak (Gargoyle Delver)                       Turns: 165, Time: 00:00:02

Health: 0/14       AC:  5    Str: 15    XL:     1   Next: 40%
Magic:  1/1        EV: 11    Int: 10    God:
Gold:   18         SH:  0    Dex: 11    Spells: 0/0 levels left

rFire   . . .      SeeInvis .   Y - +0 hand axe
rCold   . . .      Faith    .   (no shield)
rNeg    + . .      Spirit   .   b - +0 leather armour
rPois   inf        Reflect  .   (no helmet)
rElec   +          Harm     .   (no cloak)
rCorr   .          Rampage  .   (no gloves)
Will    .....                   (no boots)
Stlth   +++.......              (no amulet)
HPRegen 0.04/turn               (no ring)
MPRegen 0.07/turn               (no ring)

@: no status effects
A: sickness immunity, AC +2, negative energy resistance 1, electricity
resistance, torment resistance 1, petrification resistance
a: no special abilities


You were on level 5 of the Dungeon.
You visited 1 branch of the dungeon, and saw 1 of its levels.

You collected 18 gold pieces.


Innate Abilities, Weirdness & Mutations

You are immune to sickness and miasma.
Your stone body is resilient. (AC +2)
You are immune to poison.
You resist negative energy. (rN+)
You are resistant to electric shocks. (rElec)
You are resistant to unholy torment.
You are immune to petrification.


   Skills:
 - Level 3.2 Fighting
 + Level 2.0 Axes
 - Level 1.5 Dodging
 - Level 5.4 Stealth


You couldn't memorise any spells.
You didn't know any spells.
Your spell library was empty.

Inventory:

Hand Weapons
 Y - a +0 hand axe (weapon)
Armour
 b - a +0 leather armour (worn)
Wands
 g - a wand of digging (3)
Scrolls
 c - a scroll of fog
 d - a scroll of magic mapping
 e - a scroll of fear
Potions
 f - a potion of haste
 h - a potion of attraction {unknown}

Dungeon Overview and Level Annotations

Branches:
Dungeon (5/15)             Temple (0/1) D:5

Altars:


Message History

You hit the dart slug but do no damage.
The dart slug is almost dead.
The dart slug barely misses you.
You hit the dart slug.
You kill the dart slug!
Your Axes skill increases to level 2!
You see here a dart slug corpse.
An orc priest comes into view. It is wielding a +0 morningstar.
Found a staircase to the Ecumenical Temple.
54 ||| PLANNING TEMPLE
54 ||| Stepping ~*~*~tactically~*~*~ (hiding).
You start waiting.
Done waiting.
155 ||| READING scroll labelled INGEWN MOOTOT.
As you read the scroll labelled INGEWN MOOTOT, it crumbles to dust.
You feel strangely unstable.
It was a scroll of teleportation.
You start waiting.
Your surroundings suddenly seem different.
A scorpion comes into view.
The helpless scorpion fails to defend itself.
You hit the scorpion but do no damage.
The scorpion stings you but does no damage.
You hit the scorpion but do no damage. The scorpion closely misses you.
The scorpion stings you but does no damage.
You hit the scorpion but do no damage. The scorpion barely misses you.
You hit the scorpion.
The scorpion is lightly wounded.
The scorpion stings you.
You hit the scorpion.
The scorpion is moderately wounded.
The scorpion stings you. x2
You hit the scorpion.
The scorpion is heavily wounded.
The scorpion stings you.
You barely miss the scorpion.
The scorpion is heavily wounded.
The scorpion barely misses you. The scorpion stings you.
You die...

..# o..
.. ### .#
##.##
#... #..#
#..##.#.#
#.s......
#@# #.#
#.# ..#
###


You could see a scorpion.

Vanquished Creatures
  A dart slug (D:5)
1 creature vanquished.

Notes
Turn   | Place    | Note
-------+----------+-------------------------------------------
     0 | D:5      | qw the Gargoyle Delver began the quest for the Orb.
     0 | D:5      | Reached XP level 1. HP: 14/14 MP: 1/1
     0 | D:5      | 0 ||| qw: Version: 0.1-a-116-g5d60599
     0 | D:5      | 0 ||| qw: Game counter: 8297
     0 | D:5      | 0 ||| qw: Always use a shield: true
     0 | D:5      | 0 ||| qw: God list: Okawaru
     0 | D:5      | 0 ||| qw: Allow faded altars: false
     0 | D:5      | 0 ||| qw: Do Orc after D:15 true
     0 | D:5      | 0 ||| qw: Do second Lair branch before Depths: true
     0 | D:5      | 0 ||| qw: Lair rune preference: random
     0 | D:5      | 0 ||| qw: Plans: Normal
     0 | D:5      | 0 ||| PLANNING D:1-11
    28 | D:5      | 28 ||| Stepping ~*~*~tactically~*~*~ (hiding).
    29 | D:5      | 29 ||| Stepping ~*~*~tactically~*~*~ (hiding).
    53 | D:5      | Found a staircase to the Ecumenical Temple.
    53 | D:5      | Noticed an orc priest
    54 | D:5      | 54 ||| PLANNING TEMPLE
    54 | D:5      | 54 ||| Stepping ~*~*~tactically~*~*~ (hiding).
   155 | D:5      | 155 ||| READING scroll labelled INGEWN MOOTOT.
   158 | D:5      | Noticed a scorpion
   165 | D:5      | Slain by a scorpion

Levels and vault maps discovered:
D:5:      layout_loops_cross, mainiacjoe_overflow_surrounded_room,
          minmay_temple_entry_proselytizer, roderic_lattice_a

Skill      XL: |  1 |
---------------+----+-----
Axes           | 2 |  2.0
Fighting       | |  3.2
Dodging        | |  1.5
Stealth        | |  5.4

Action                   || total
-------------------------++-------
Melee: Hand axe          ||    13
  Use: Scroll            ||     1
 Stab: Sleeping          ||     1
Armor: Leather armour    ||     2
Dodge: Dodged            ||     7

Table legend:
 A = Non-vault XP
 B = Vault XP
 C = Vault XP percentage of total XP
 D = Non-vault monster count
 E = Vault monster count
 F = Vault count percentage of total count
                 A         B        C        D         E       F
            +---------+---------+-------+---------+---------+-------
      Total |       4 |       0 |   0.0 |       1 |       0 |   0.0
            +---------+---------+-------+---------+---------+-------
        D:5 |       4 |       0 |   0.0 |       1 |       0 |   0.0
            +---------+---------+-------+---------+---------+-------
